 Dungeon Crawl Stone Soup version 0.22-a0-248-gc8378ba3fb (webtiles) character file.

90 MrRokkomies the Skirmisher (level 4, 0/37 HPs)
             Began as a Formicid Abyssal Knight on Feb 28, 2018.
             Was a Follower of Lugonu.
             Slain by Execuda's ghost (1 damage)
             ... on level 3 of the Dungeon.
             The game lasted 00:04:46 (2445 turns).

MrRokkomies the Skirmisher (FoAK)                   Turns: 2445, Time: 00:04:47

Health: 0/37       AC:  6    Str: 18    XL:     4   Next: 85%
Magic:  5/5        EV:  9    Int: 11    God:    Lugonu [*.....]
Gold:   95         SH:  0    Dex: 10    Spells: 3/3 levels left

rFire    + . .     SeeInvis +   a - +0 broad axe
rCold    . . .     Gourm    .   (no shield)
rNeg     . . .     Faith    .   m - +0 scale mail
rPois    .         Spirit   .   (helmet unavailable)
rElec    .         Reflect  .   (no cloak)
rCorr    .         Harm     .   (no gloves)
MR       .....                  (no boots)
Stlth    ..........             (no amulet)
HPRegen  0.12/turn              p - ring of protection from fire
MPRegen  0.09/turn              (no ring)

@: invisible
A: permanent stasis, dig shafts and tunnels, four strong arms, antennae 3
a: Dig, Shaft Self, Depart the Abyss, Renounce Religion


You were on level 3 of the Dungeon.
You worshipped Lugonu.
Lugonu was aware of your devotion.
You were not hungry.

You visited 1 branch of the dungeon, and saw 3 of its levels.
You visited the Abyss 1 time.

You collected 95 gold pieces.

Inventory:

Hand Weapons
 a - a +0 broad axe (weapon)
Armour
 b - a +1 leather armour
 k - a +0 large shield
 m - a +0 scale mail (worn)
Jewellery
 p - a ring of protection from fire (left hand)
Scrolls
 d - 2 scrolls of enchant armour
 e - 3 scrolls of remove curse
 g - 3 scrolls of identify {unknown}
 h - a scroll of amnesia {unknown}
 j - a scroll of fear {unknown}
 o - 3 scrolls of magic mapping {unknown}
Potions
 l - a potion of might {unknown}
 n - a potion of curing {unknown}
Miscellaneous
 f - a fan of gales
Comestibles
 c - 6 rations


   Skills:
 * Level 4.2 Fighting
 * Level 3.4 Axes
 - Level 2.1 Armour
 - Level 0.8 Dodging
 - Level 1.8 Shields
 - Level 2.3 Invocations


You had 3 spell levels left.
You didn't know any spells.

Dungeon Overview and Level Annotations

Branches:
Dungeon (3/15)

Altars:
Dithmenos
The Shining One

Annotations:
D:3 Execuda's ghost, amateur DsCK


Innate Abilities, Weirdness & Mutations

You cannot be hasted, slowed, berserked, paralysed or teleported.
You can dig through walls and to a lower floor.
Your four strong arms can wield two-handed weapons with a shield.
You have a pair of large antennae on your head. (SInv)


Message History

Execuda's ghost hits you but does no damage.
You hit Execuda's ghost but do no damage.
Execuda's ghost is severely damaged.
Execuda's ghost barely misses you.
You closely miss Execuda's ghost.
Execuda's ghost is severely damaged.
Execuda's ghost hits you.
* * * LOW HITPOINT WARNING * * *
You hit Execuda's ghost but do no damage.
Execuda's ghost is severely damaged.
Execuda's ghost barely misses you. Execuda's ghost hits you.
* * * LOW HITPOINT WARNING * * *
You hit Execuda's ghost but do no damage.
Execuda's ghost is severely damaged.
Execuda's ghost giggles, "I laugh when killing.
So smile when dying.
SMILE!"
Execuda's ghost completely misses you.
It was a potion of invisibility.
You fade into invisibility!
Execuda's ghost hits you.
You die...

####### #....$# ..####
########.....# .......
#..........>.# .......
#....<.......# .......
#....?.......# ##..>....
#............# #........
#............###.#......
#..............W@.).....
#.............[###......
#####.##.<...### .....
#. ##.....# ###. #
#...#...# .....###.#
..#.### # .#..# ...


You could see Execuda's ghost.

Vanquished Creatures
  4 adders (D:2)
  2 worms (D:2)
  A dart slug (D:1)
  A leopard gecko (D:1)
  3 giant cockroaches
  5 goblins
  4 hobgoblins
  6 jackals
  4 kobolds
  6 bats
  3 frilled lizards
  4 rats
43 creatures vanquished.

Notes
Turn   | Place    | Note
-------+----------+-------------------------------------------
     0 | Abyss:1  | MrRokkomies the Formicid Abyssal Knight began the quest for the Orb.
     0 | Abyss:1  | Reached XP level 1. HP: 18/18 MP: 2/2
     2 | Abyss:1  | Found a corrupted altar of Lugonu.
    66 | Abyss:2  | Noticed a spatial maelstrom
    69 | Abyss:3  | Found a corrupted altar of Lugonu.
    75 | Abyss:3  | Noticed a large abomination
    86 | Abyss:3  | Noticed a small abomination
   111 | D:1      | Escaped the Abyss
   410 | D:1      | Reached XP level 2. HP: 24/24 MP: 3/3
   578 | D:1      | Reached * piety under Lugonu
   890 | D:1      | Reached XP level 3. HP: 30/30 MP: 4/4
  1043 | D:2      | Found a glowing golden altar of the Shining One.
  1120 | D:2      | Reached skill level 1 in Shields
  1486 | D:2      | Reached XP level 4. HP: 18/37 MP: 5/5
  1762 | D:2      | Found a shadowy altar of Dithmenos.
  1790 | D:2      | Reached skill level 4 in Fighting
  2416 | D:3      | Noticed Execuda's ghost (amateur DsCK)
  2443 | D:3      | HP: 1/37 [Execuda's ghost (5)]
  2445 | D:3      | Slain by Execuda's ghost

Vault maps used:
D:1:      enne_arrival_octagon_isle
D:2:      tso_metal_star, nicolae_dithmenos_through_a_glass_darkly
D:3:      nemelex_xobeh_ov_fountains_minmay, kennysheep_slug_shrine,
          nicolae_overflow_crystal_walls, grunt_temple_overflow_open,
          first_ration, uniq_jessica, uniq_sigmund
Abyss:2:  guppyfry_abyss_exit_glass_guarded
Abyss:3:  nicolae_abyss_rune_star_stuff

Skill      XL: |  1  2  3  4 |
---------------+-------------+-----
Shields        | 1 |  1.8
Axes           | 3 |  3.4
Fighting       | 4 |  4.2
Armour         | |  2.1
Dodging        | |  0.8
Invocations    | |  2.3

Action                   |  1- 3 |  4- 6 || total
-------------------------+-------+-------++-------
Melee: Broad axe         |   123 |    77 ||   200
Invok: Depart the Abyss  |     1 |       ||     1
 Abil: Dig               |     1 |       ||     1
  Use: Scroll            |     4 |     1 ||     5
       Potion            |     1 |     1 ||     2
  Eat: Chunk             |     2 |     3 ||     5
Armor: Leather armour    |    61 |     1 ||    62
       Scale mail        |       |    32 ||    32
Dodge: Dodged            |    75 |    43 ||   118
Block: Large shield      |    82 |       ||    82

Table legend:
 A = Spawn XP
 B = Non-spawn XP
 C = Spawn XP percentage of total XP
 D = Spawn monster count
 E = Non-spawn monster count
 F = Spawn count percentage of total count
 G = Total turns spent on level
                    A         B        C        D         E        F      G
               +---------+---------+-------+---------+---------+-------+---------
         Total |       0 |     129 |   0.0 |       0 |      43 |   0.0 |  2445
               +---------+---------+-------+---------+---------+-------+---------
           D:1 |       0 |      34 |   0.0 |       0 |      17 |   0.0 |   913
           D:2 |       0 |      94 |   0.0 |       0 |      25 |   0.0 |  1388
           D:3 |       0 |       1 |   0.0 |       0 |       1 |   0.0 |    33
               +---------+---------+-------+---------+---------+-------+---------
